Map: Arctic Dream LE

Players

Archie

  • Race: Zerg Zerg
  • Spawn Location: 6:00

Malcriex

  • Race: Zerg Zerg
  • League: Gold
  • Spawn Location: 5:00

Throwfordays - Winner!

  • Race: Zerg Zerg
  • League: Silver
  • Spawn Location: 12:00

Faust - Winner!

  • Race: Zerg Zerg
  • League: Diamond
  • Spawn Location: 11:00

VOD

Have the link to the VOD?

Description

Time

  • Played on: July 4, 2020, 9:04 p.m.
  • Length: 15:45
Show
View Real Time Build Order
Export as new Build Order

Archie Zerg 

Build Orders: Pool First, Muta Ling Bane 

Get SALT Encoding   

  12  0:02  Drone  
  13  0:17  Drone  
  14  0:30  Spawning Pool, Drone  
  14  0:38  Extractor, Drone  
  14  0:44  Overlord  
  14  1:20  Drone  
  14  1:22  Drone x2  
  14  1:23  Queen  
  19  1:29  Spine Crawler  
  18  1:40  Zergling x2  
  18  1:44  Zergling x2  
  20  1:54  Zergling x2  
  21  2:02  Metabolic Boost  
  21  2:13  Zergling x2  
  21  2:15  Overlord  
  22  2:28  Hatchery, Overlord  
  21  3:01  Zergling x2  
  21  3:02  Zergling x4  
  21  3:19  Baneling Nest  
  20  3:24  Drone x2  
  21  3:56  Zergling x4  
  21  3:57  Zergling x10  
  25  4:19  Baneling  
  25  4:23  Baneling  
  25  4:30  Drone x6  
  31  4:34  Baneling  
  31  4:38  Lair  
  27  4:45  Extractor  
  26  4:47  Drone  
  26  4:48  Drone x4  
  26  4:49  Queen  
  33  5:15  Extractor, Spore Crawler  
  33  5:16  Extractor  
  33  5:20  Spore Crawler, Drone  
  33  5:21  Drone x7  
  37  5:46  Centrifical Hooks  
  37  6:07  Spire  
  37  6:10  Drone x2  
  37  6:11  Drone x5  
  42  6:12  Overlord x3  
  43  6:25  Baneling x3  
  43  6:26  Baneling  
  43  6:31  Spine Crawler  
  42  6:35  Spine Crawler  
  42  6:38  Spine Crawler  
  40  6:41  Pneumatized Carapace  
  39  7:28  Mutalisk x2  
  39  7:29  Mutalisk x6  
  48  7:30  Mutalisk  
  56  7:55  Mutalisk x2  
  60  8:10  Mutalisk x2  
  64  8:15  Hatchery  
  63  8:47  Mutalisk x3  
  67  8:48  Mutalisk  
  67  8:50  Overlord x5  
  63  9:10  Mutalisk x2  
  63  9:11  Mutalisk  
  59  9:25  Mutalisk  
  61  9:34  Spore Crawler  
  60  9:43  Spore Crawler  
  60  9:44  Spore Crawler  
  60  9:45  Mutalisk x2  
  61  9:53  Drone  
  61  9:54  Drone x2  
  64  10:06  Drone x2  
  64  10:07  Queen, Drone  
  61  10:34  Drone x2  
  61  10:37  Mutalisk x2  
  61  10:38  Mutalisk x3  
  71  10:53  Mutalisk x3  
  48  11:35  Mutalisk x3  
  48  11:36  Mutalisk  
  46  11:52  Mutalisk x2  
  48  12:04  Drone  
  48  12:05  Drone x4  
  48  12:08  Drone  
  54  12:09  Drone  
  54  12:10  Drone  
  56  12:27  Zerg Flyer Weapons Level 1  
  48  12:53  Hatchery  
  47  13:01  Spore Crawler  
  46  13:17  Corruptor x4  
  46  13:18  Corruptor  
  44  14:18  Mutalisk x3  
  44  14:19  Mutalisk  
  48  14:40  Corruptor  
  31  15:31  Drone  
Show
View Real Time Build Order
Export as new Build Order

Malcriex Zerg 

Build Orders: Pool First 

Get SALT Encoding   

  12  0:01  Drone  
  13  0:09  Drone  
  14  0:26  Spawning Pool  
  14  0:28  Drone  
  14  0:39  Extractor  
  14  0:40  Drone  
  14  0:42  Overlord  
  14  1:03  Drone  
  15  1:13  Zergling x2  
  15  1:14  Zergling x2  
  15  1:16  Zergling x2  
  18  1:28  Zergling x2  
  19  1:39  Zergling x2  
  20  1:47  Zergling x2  
  20  1:49  Metabolic Boost  
  21  1:59  Zergling x2  
  22  2:10  Hatchery  
  21  2:22  Zergling x2  
  21  2:28  Overlord  
  21  2:36  Zergling x2  
  19  2:55  Zergling x4  
  18  3:05  Zergling x2  
  18  3:07  Queen  
  21  3:14  Zergling x2  
  21  3:19  Baneling Nest  
  20  3:24  Overlord  
  20  3:35  Zergling x6  
  22  3:58  Zergling x6  
  22  3:59  Zergling x2  
  24  4:09  Zergling x4  
  24  4:12  Baneling x4  
  24  4:16  Queen x2  
  26  5:06  Zergling x2  
  26  5:07  Zergling x16  
  19  6:05  Zergling x2  
  19  6:06  Zergling x22  
  19  6:08  Drone  
  32  6:18  Drone  
  33  6:19  Zergling x2  
  33  6:25  Baneling x3  
  34  6:39  Zergling x2  
  33  6:40  Zergling x4  
  28  6:57  Zergling x14  
  31  7:33  Zergling x2  
  31  7:34  Zergling x10  
  37  7:39  Hatchery  
  36  7:51  Zergling x8  
  39  8:00  Drone  
  39  8:01  Drone  
  37  8:41  Baneling x2  
  36  8:51  Baneling  
  34  9:18  Zergling x18  
  34  9:19  Zergling x14  
  49  9:28  Spore Crawler  
  47  9:51  Overlord  
  47  9:52  Overlord x3  
  38  9:53  Spore Crawler  
  36  10:02  Overlord  
  20  10:24  Spore Crawler  
  20  10:25  Spore Crawler  
  20  10:28  Spore Crawler  
  17  10:30  Spore Crawler  
  17  10:33  Drone x2  
  17  10:34  Drone  
  19  10:56  Spore Crawler x2  
  17  10:57  Drone x3  
  20  11:07  Drone  
  20  11:08  Drone  
  22  11:20  Zergling x2  
  22  11:21  Zergling x2  
  24  11:51  Drone x8  
  32  11:58  Drone x2  
  34  12:06  Drone x2  
  36  12:09  Drone  
  37  12:20  Drone x4  
  41  12:42  Drone x3  
  44  12:45  Drone x8  
  44  12:46  Drone x2  
  53  13:09  Spore Crawler  
  51  13:17  Extractor  
  51  13:19  Extractor  
  49  13:21  Extractor  
  49  13:23  Extractor, Drone x10  
  57  13:32  Extractor  
  30  14:17  Lair  
  30  14:25  Drone x5  
  30  14:26  Drone x7  
  30  14:29  Overlord x3  
  42  14:52  Queen  
  44  15:23  Roach Warren, Drone x2, Hydralisk Den  
  44  15:29  Hatchery  
  43  15:39  Hatchery  
Show
View Real Time Build Order
Export as new Build Order

Throwfordays Zerg - Winner!

Build Orders: Hatch First 

Get SALT Encoding   

  12  0:01  Drone  
  13  0:13  Overlord  
  13  0:17  Drone  
  14  0:33  Drone  
  14  0:35  Drone x2  
  17  0:52  Hatchery  
  17  0:56  Drone  
  17  1:09  Spawning Pool  
  16  1:16  Drone  
  16  1:17  Drone  
  18  1:21  Extractor, Drone  
  18  1:49  Drone x2  
  20  1:57  Queen  
  20  1:58  Overlord  
  22  2:04  Zergling x2  
  23  2:09  Queen  
  23  2:11  Zergling x2  
  25  2:18  Spine Crawler  
  24  2:29  Spine Crawler  
  23  2:42  Zergling x2  
  23  2:46  Zergling x2  
  21  2:59  Zergling x6  
  18  3:13  Drone  
  19  3:25  Drone  
  19  3:26  Drone  
  21  3:34  Drone  
  22  3:43  Drone  
  22  3:46  Drone  
  24  3:58  Drone x2  
  24  3:59  Drone  
  27  4:03  Drone  
  28  4:15  Overlord  
  28  4:19  Overlord  
  28  4:30  Baneling Nest  
  27  4:31  Drone  
  27  4:34  Drone  
  27  4:35  Drone  
  30  4:38  Drone x2  
  30  4:39  Drone x3  
  35  4:56  Drone  
  36  5:02  Extractor, Drone x3  
  38  5:10  Drone  
  38  5:12  Drone x3  
  42  5:18  Baneling x8  
  42  5:31  Queen  
  42  5:41  Overlord  
  42  5:42  Zergling x4  
  31  6:08  Baneling x4  
  31  6:10  Zergling x2  
  31  6:11  Zergling x2  
  33  6:20  Drone  
  33  6:21  Drone x5  
  39  6:27  Zergling x4  
  41  6:35  Zergling x6  
  41  6:37  Zergling x2  
  45  6:47  Lair  
  45  6:52  Drone  
  46  6:57  Baneling x4  
  46  6:58  Baneling x2  
  46  7:02  Spine Crawler  
  46  7:05  Drone  
  46  7:08  Drone  
  46  7:09  Drone x2  
  46  7:12  Drone  
  45  7:36  Zergling x6  
  45  7:37  Zergling x4  
  50  7:39  Zergling x2  
  50  7:42  Overlord  
  50  7:43  Overlord x3  
  51  7:49  Centrifical Hooks  
  51  7:50  Metabolic Boost  
  50  8:14  Queen, Spore Crawler  
  50  8:17  Spore Crawler  
  50  8:19  Spore Crawler  
  49  8:20  Spore Crawler  
  49  8:22  Drone  
  49  8:23  Drone x5  
  49  8:26  Queen  
  55  8:37  Drone  
  55  8:38  Drone  
  55  8:40  Drone x2  
  59  8:47  Extractor  
  58  8:49  Drone x2  
  58  8:50  Extractor  
  58  8:53  Overlord x2  
  59  8:55  Drone  
  59  9:03  Evolution Chamber x2  
  57  9:16  Baneling x2  
  57  9:22  Zergling x10  
  62  9:29  Drone  
  58  9:46  Baneling x5  
  51  9:57  Zergling x10  
  51  9:58  Zergling x2  
  57  10:00  Zergling x10  
  59  10:14  Zergling x2  
  59  10:19  Zergling x2  
  61  10:33  Hatchery  
  60  10:43  Zergling x8  
  60  10:44  Zergling x2  
  60  10:45  Baneling x4  
  60  10:48  Zergling x10  
  70  10:50  Baneling x3  
  59  11:51  Queen  
  59  11:53  Drone  
  61  12:03  Baneling  
  61  12:04  Baneling x5  
  60  12:08  Zergling x4  
  60  12:09  Zergling x8  
  60  12:12  Drone x2  
  68  12:16  Zerg Melee Weapons Level 1  
  68  12:17  Zerg Ground Armor Level 1  
  68  12:21  Zergling x4  
  68  12:22  Zergling x8  
  74  12:24  Drone  
  74  12:27  Queen  
  74  12:29  Zergling x2  
  78  12:38  Zergling x2  
  78  12:39  Zergling x6  
  78  12:40  Drone  
  78  12:41  Drone  
  84  12:48  Zergling x2  
  84  12:50  Baneling x2  
  84  12:51  Baneling x7  
  85  12:53  Zergling x10  
  90  13:05  Zergling x8  
  94  13:11  Baneling  
  94  13:12  Baneling x7  
  94  13:13  Baneling x2  
  94  13:36  Infestation Pit  
  79  14:23  Drone x2  
  79  14:24  Drone x4  
  84  14:29  Zergling x12  
  84  14:30  Zergling x4  
  93  14:33  Zergling x6  
  93  14:34  Zergling x12  
  102  14:39  Baneling x2  
  102  14:40  Baneling x8  
  102  14:41  Baneling x6  
  102  14:42  Baneling x6  
  102  14:47  Overlord x2  
  102  14:49  Overlord  
  102  14:50  Overlord  
  102  15:01  Zergling x4  
Show
View Real Time Build Order
Export as new Build Order

Faust Zerg - Winner!

Build Orders: Hatch First 

Get SALT Encoding   

  12  0:01  Drone  
  13  0:09  Drone  
  14  0:15  Extractor  
  14  0:16  Drone  
  15  0:22  Overlord  
  15  0:43  Drone x2  
  17  0:54  Hatchery  
  16  0:59  Drone  
  17  1:11  Spawning Pool  
  16  1:18  Drone  
  17  1:24  Extractor, Drone  
  17  1:33  Drone  
  17  1:34  Drone  
  19  1:57  Queen  
  21  2:06  Queen  
  23  2:08  Zergling x2  
  23  2:09  Zergling x6  
  27  2:19  Zergling x2  
  28  2:32  Overlord  
  28  2:34  Metabolic Boost  
  28  3:02  Zergling x10, Baneling Nest  
  28  3:03  Zergling x2  
  33  3:06  Overlord  
  33  3:18  Drone x3  
  35  3:28  Drone x2  
  35  3:33  Drone  
  37  3:51  Zergling x8  
  40  3:58  Baneling  
  38  4:06  Zergling x10  
  38  4:07  Zergling x4  
  41  4:12  Drone  
  41  4:15  Overlord  
  42  4:49  Baneling x2  
  42  4:52  Baneling  
  42  4:53  Baneling x2  
  42  4:55  Baneling  
  42  5:01  Drone  
  42  5:02  Drone x7  
  50  5:20  Hatchery  
  48  5:55  Zergling x2  
  48  5:56  Zergling x6  
  51  6:07  Overlord x4  
  51  6:08  Overlord  
  51  6:12  Lair  
  51  6:15  Overlord x2  
  51  6:24  Extractor  
  50  6:30  Baneling x2  
  39  6:57  Zergling x8  
  42  7:01  Drone  
  42  7:02  Drone x10  
  53  7:10  Extractor  
  53  7:11  Extractor  
  53  7:13  Queen  
  53  7:14  Zergling x2  
  53  7:15  Zergling x4  
  56  7:28  Drone  
  57  7:32  Extractor  
  57  7:33  Extractor  
  57  7:35  Drone x3, Spire  
  57  7:36  Drone x2  
  59  7:39  Drone  
  59  7:40  Drone x2  
  62  7:46  Baneling x2  
  62  7:48  Drone x2  
  62  7:49  Drone x3  
  67  7:56  Drone x2  
  69  8:11  Queen, Spore Crawler  
  69  8:12  Queen  
  72  8:14  Spore Crawler  
  72  8:16  Spore Crawler  
  70  8:22  Spore Crawler  
  70  8:23  Drone  
  70  8:25  Drone x2  
  70  8:26  Drone x2  
  74  8:27  Spore Crawler, Drone x2  
  67  8:53  Queen  
  67  8:54  Mutalisk x9  
  80  9:19  Mutalisk x3  
  86  9:29  Queen  
  88  9:32  Drone x4  
  88  9:33  Drone x2, Mutalisk  
  96  9:38  Drone  
  96  9:39  Drone  
  96  9:40  Extractor  
  96  9:44  Extractor  
  95  9:49  Zergling x8  
  97  9:55  Zergling x2  
  97  9:58  Zergling x2  
  90  10:23  Zergling x2, Drone  
  90  10:24  Drone x6  
  96  10:29  Overlord x2  
  96  10:30  Overlord x2  
  95  10:38  Hatchery, Drone  
  95  10:39  Drone x2  
  97  10:45  Zerg Flyer Weapons Level 1  
  97  10:47  Overlord  
  97  10:48  Overlord  
  97  10:49  Queen, Baneling  
  99  10:52  Queen  
  101  10:58  Drone  
  101  10:59  Drone x4  
  102  11:25  Mutalisk  
  102  11:26  Mutalisk x7  
  116  11:33  Mutalisk x2  
  106  11:49  Mutalisk x5  
  110  12:08  Drone x3  
  113  12:09  Drone x3  
  116  12:17  Infestation Pit  
  116  12:22  Overlord x2  
  115  12:27  Drone  
  116  12:32  Spore Crawler  
  113  12:44  Mutalisk x5  
  113  12:45  Mutalisk x2  
  115  13:22  Mutalisk x7  
  125  13:33  Mutalisk  
  125  13:34  Mutalisk  
  123  13:47  Mutalisk x2  
  121  13:48  Extractor, Hatchery  
  121  13:51  Extractor  
  118  14:12  Drone x3  
  118  14:13  Drone x3  
  124  14:19  Spire  
  107  14:56  Mutalisk  
  107  14:57  Mutalisk x8  
  117  15:10  Mutalisk x2  
  117  15:11  Mutalisk  
  121  15:14  Drone x3  
Tags
 
Add a new tag
Caveats
  • Supply blocks, unpowered buildings, or Contaminate may cause inaccurate times.
  • Supply counts are checked every 10 seconds.